Penguins vs Capitals
Created - April 8, 2023 at 20:42
Goals
|
| Penguins |
1 |
0 |
2 |
3 |
| Capitals |
1 |
1 |
0 |
2 |
|
Shots
|
| Penguins |
11 |
13 |
9 |
33 |
| Capitals |
17 |
9 |
7 |
33 |
|
1st period
1. Penguins , Brendan Gallagher 23 (Anze Kopitar 42, Keith Aulie 27) at 13:30
2. Capitals , Blake Pietila 23 (Cody Hodgson 32, Phil Kessel 31) at 17:20 (PP)
Penalties :
Nikita Zaitsev (Was) for Holding (Minor) at 8:38, Mike Green (Was) for Holding (Minor) at 14:55, Marcus Foligno (Pit) for Roughing (Minor) at 16:04
2nd period
3. Capitals , Patrick Kane 28 (Jared Spurgeon 10, Ben Hutton 12) at 16:20
Penalties :
No Penalty
3rd period
4. Penguins , Marcus Johansson 26 (Derek Stepan 36) at 11:33
5. Penguins , Justin Schultz 5 (Derek Stepan 37, Timo Meier 8) at 15:50 (PP)
Penalties :
Ben Hutton (Was) for Hooking (Minor) at 6:36, Nikita Zaitsev (Was) for Goalie Interference (Minor) at 14:45, Derek Stepan (Pit) for Tripping (Minor) at 16:33
Goalie Stats
Jonathan Quick (Pit), 31 saves from 33 shots - (0.939), W, 22-12-6, 60:00 minutes
Cory Schneider (Was), 30 saves from 33 shots - (0.909), L, 21-18-3, 58:58 minutes
Players Stats for Penguins
Player Name G A P +/- PIM S H SB GA TA FO MP PP MP PK MP
------------------------------------------------------------------------------------
Anze Kopitar 0 1 1 0 0 7 2 1 0 1 13/41 22:37 3:40 1:13
Ben Lovejoy 0 0 0 0 0 0 0 0 0 1 0/0 13:26 0:00 0:00
Brendan Gallagher 1 0 1 0 0 11 3 0 0 0 1/2 21:25 3:40 0:01
Cal Clutterbuck 0 0 0 0 0 0 1 0 0 0 0/0 8:51 0:00 1:22
Danny DeKeiser 0 0 0 1 0 2 0 3 0 2 0/0 26:05 3:57 1:38
Derek Stepan 0 2 2 1 2 2 3 0 1 0 8/9 17:23 2:32 0:12
Jamie Benn 0 0 0 0 0 2 1 0 0 0 1/2 13:10 0:00 0:32
JT Compher 0 0 0 0 0 0 0 0 1 0 0/0 11:30 0:00 0:00
Justin Schultz 1 0 1 0 0 2 0 0 0 3 0/0 21:37 2:15 0:47
Keith Aulie 0 1 1 1 0 0 3 2 0 1 0/0 26:05 3:57 1:38
Marcus Foligno 0 0 0 1 2 2 0 3 0 0 1/1 17:32 2:31 0:30
Marcus Johansson 1 0 1 1 0 2 0 0 0 0 0/0 18:09 3:40 0:00
Nick Leddy 0 0 0 0 0 1 1 0 1 0 0/0 12:18 0:00 0:00
Oscar Klefbom 0 0 0 0 0 1 0 1 3 0 0/0 20:29 2:15 0:47
Pavel Zacha 0 0 0 0 0 0 1 0 1 0 0/0 6:21 0:00 0:00
Sebastian Aho 0 0 0 0 0 0 1 0 0 0 4/4 6:51 0:00 0:30
Timo Meier 0 1 1 0 0 0 2 0 0 0 1/3 19:36 2:32 0:00
Tomas Nosek 0 0 0 0 0 1 0 1 0 0 4/7 13:18 0:00 0:30
Players Stats for Capitals
Player Name G A P +/- PIM S H SB GA TA FO MP PP MP PK MP
------------------------------------------------------------------------------------
Alexei Marchenko 0 0 0 0 0 1 1 0 0 1 0/0 19:57 0:46 2:49
Ben Hutton 0 1 1 1 2 1 1 0 0 0 0/0 14:52 0:16 0:58
Blake Pietila 1 0 1 -1 0 2 1 0 1 1 1/1 16:30 1:17 0:23
Cody Hodgson 0 1 1 -1 0 2 0 1 1 0 4/13 16:06 1:15 0:33
Eric Wellwood 0 0 0 -1 0 3 1 0 0 0 0/1 9:32 0:00 0:00
Jared Spurgeon 0 1 1 1 0 1 0 1 0 0 0/0 12:26 0:00 0:00
Jeff Skinner 0 0 0 0 0 0 0 0 0 0 0/0 10:37 0:00 0:00
Joe Colborne 0 0 0 0 0 4 1 0 0 0 7/15 13:17 0:00 1:33
Mike Green 0 0 0 -2 2 0 2 2 0 0 0/0 27:35 1:41 3:20
Nail Yakupov 0 0 0 -1 0 2 2 0 0 0 0/1 9:32 0:00 0:00
Nicklas Backstrom 0 0 0 1 0 2 0 0 1 0 17/23 17:13 1:10 0:00
Nikita Zaitsev 0 0 0 0 4 2 1 0 2 2 0/0 16:57 0:36 1:14
Patrick Kane 1 0 1 1 0 5 2 1 2 2 1/1 21:36 1:08 4:16
Phil Kessel 0 1 1 -1 0 1 1 0 0 0 0/1 15:09 1:15 0:00
PK Subban 0 0 0 -2 0 2 2 1 0 1 0/0 29:01 1:33 4:03
Sergey Kalinin 0 0 0 -1 0 1 2 0 0 0 6/11 12:57 0:00 4:06
Taylor Hall 0 0 0 1 0 1 0 0 0 0 0/2 17:27 1:08 0:00
Tyler Kennedy 0 0 0 0 0 3 1 0 1 0 0/0 12:10 0:00 1:33
3 Stars
1 - Brendan Gallagher (Pit)
2 - Patrick Kane (Was)
3 - Jonathan Quick (Pit)
Power Play
Penguins - 1 on 4 Attempt(s) - 25.00%
Capitals - 1 on 2 Attempt(s) - 50.00%
Penalty Kill
Penguins - 1 on 2 Attempt(s) - 50.00%
- Score 0 goal in Penalty Kill
Capitals - 3 on 4 Attempt(s) - 75.00%
- Score 0 goal in Penalty Kill
Team Stat
Penguins - Hits : 18 - Faceoff Wins : 33 - Blocked Shots : 11 - Penalty Minutes : 4
Capitals - Hits : 18 - Faceoff Wins : 36 - Blocked Shots : 6 - Penalty Minutes : 8
Official
Referees : Furman South and Tom Chmielewski
Linesman : Ryan Daisy and Matt MacPherson
Game Notes
No Game Note
Finance
Level 1 -- Attendance: 6000 (100.00%) -- Ticket Income $600,000
Level 2 -- Attendance: 4843 (96.86%) -- Ticket Income $290,580
Level 3 -- Attendance: 1970 (98.50%) -- Ticket Income $68,950
Level 4 -- Attendance: 3649 (91.23%) -- Ticket Income $91,225
Luxury Box -- Attendance: 1000 (100.00%) -- Ticket Income $200,000
Game was played at the Capital One Arena.
Total Attendance: 17462 (97.01%)
Total Ticket Income: $1,250,755
Other Income: $187,613
Total Income: $1,438,368
Penguins
5 vs 5 Forward
Center Left Wing Right Wing Time % Phy DF OF
1 Anze Kopitar Timo Meier Brendan Gallagher 40 1 2 2
2 Derek Stepan Marcus Johansson Marcus Foligno 30 1 2 2
3 Tomas Nosek Jamie Benn JT Compher 20 1 2 2
4 Sebastian Aho Pavel Zacha Cal Clutterbuck 10 1 2 2
5 vs 5 Defense
Defense Defense Time % Phy DF OF
1 Danny DeKeiser Keith Aulie 40 1 2 2
2 Oscar Klefbom Justin Schultz 30 1 2 2
3 Nick Leddy Ben Lovejoy 20 1 2 2
4 Danny DeKeiser Keith Aulie 10 1 2 2
PowerPlay Forward
Center Left Wing Right Wing Time % Phy DF OF
1 Anze Kopitar Marcus Johansson Brendan Gallagher 60 1 2 2
2 Derek Stepan Timo Meier Marcus Foligno 40 1 2 2
PowerPlay Defense
Defense Defense Time % Phy DF OF
1 Danny DeKeiser Keith Aulie 60 1 2 2
2 Oscar Klefbom Justin Schultz 40 1 2 2
Penalty Kill 4 Players Forward
Center Wing Time % Phy DF OF
1 Anze Kopitar Cal Clutterbuck 60 1 2 2
2 Tomas Nosek Marcus Foligno 40 1 2 2
Penalty Kill 4 Players Defense
Defense Defense Time % Phy DF OF
1 Danny DeKeiser Keith Aulie 60 1 2 2
2 Oscar Klefbom Justin Schultz 40 1 2 2
Penalty Kill - 3 Players Forward
Forward Time % Phy DF OF
1 Cal Clutterbuck 60 1 2 2
2 Tomas Nosek 40 1 2 2
Penalty Kill - 3 Players Defense
Defense Defense Time % Phy DF OF
1 Danny DeKeiser Keith Aulie 60 1 2 2
2 Oscar Klefbom Justin Schultz 40 1 2 2
4 vs 4 Forward
Center Wing Time % Phy DF OF
1 Anze Kopitar Brendan Gallagher 60 1 2 2
2 Derek Stepan Marcus Johansson 40 1 2 2
4 vs 4 Defense
Defense Defense Time % Phy DF OF
1 Danny DeKeiser Keith Aulie 60 1 2 2
2 Oscar Klefbom Justin Schultz 40 1 2 2
Last Minutes Offensive
Center Left Wing Right Wing Defense Defense
Anze Kopitar Timo Meier Brendan Gallagher Danny DeKeiser Keith Aulie
Last Minutes Defensive
Center Left Wing Right Wing Defense Defense
Tomas Nosek Jamie Benn Cal Clutterbuck Danny DeKeiser Keith Aulie
Goaltenders
Starting : Jonathan Quick
Backup : Andrei Vasilevskiy
Extra Forwards
Normal : Brendan Gallagher, Marcus Johansson, Cal Clutterbuck - PP : Brendan Gallagher, Marcus Johansson - PK : Anze Kopitar
Extra Defensemen
Normal : Danny DeKeiser, Justin Schultz, Ben Lovejoy - PP : Nick Leddy - PK : Danny DeKeiser, Justin Schultz
Penalty Shots
Anze Kopitar, Derek Stepan, Brendan Gallagher, Marcus Johansson, Timo Meier
Scratches
Brandon Tanev (Healthy)
Capitals
5 vs 5 Forward
Center Left Wing Right Wing Time % Phy DF OF
1 Nicklas Backstrom Taylor Hall Patrick Kane 35 0 0 5
2 Cody Hodgson Blake Pietila Phil Kessel 30 0 0 5
3 Joe Colborne Jeff Skinner Tyler Kennedy 20 0 1 4
4 Sergey Kalinin Eric Wellwood Nail Yakupov 15 0 2 3
5 vs 5 Defense
Defense Defense Time % Phy DF OF
1 PK Subban Mike Green 40 0 2 3
2 Alexei Marchenko Nikita Zaitsev 30 0 2 3
3 Ben Hutton Jared Spurgeon 20 0 2 3
4 PK Subban Mike Green 10 0 2 3
PowerPlay Forward
Center Left Wing Right Wing Time % Phy DF OF
1 Nicklas Backstrom Taylor Hall Patrick Kane 60 0 0 5
2 Cody Hodgson Blake Pietila Phil Kessel 40 0 0 5
PowerPlay Defense
Defense Defense Time % Phy DF OF
1 PK Subban Mike Green 60 0 1 4
2 Alexei Marchenko Nikita Zaitsev 40 0 2 3
Penalty Kill 4 Players Forward
Center Wing Time % Phy DF OF
1 Sergey Kalinin Patrick Kane 60 0 4 1
2 Joe Colborne Tyler Kennedy 40 0 4 1
Penalty Kill 4 Players Defense
Defense Defense Time % Phy DF OF
1 PK Subban Mike Green 60 0 4 1
2 Alexei Marchenko Nikita Zaitsev 40 0 4 1
Penalty Kill - 3 Players Forward
Forward Time % Phy DF OF
1 Patrick Kane 60 0 5 0
2 Sergey Kalinin 40 0 5 0
Penalty Kill - 3 Players Defense
Defense Defense Time % Phy DF OF
1 PK Subban Mike Green 60 0 5 0
2 Alexei Marchenko Nikita Zaitsev 40 0 5 0
4 vs 4 Forward
Center Wing Time % Phy DF OF
1 Patrick Kane Taylor Hall 60 0 0 5
2 Nicklas Backstrom Cody Hodgson 40 0 0 5
4 vs 4 Defense
Defense Defense Time % Phy DF OF
1 PK Subban Mike Green 60 0 2 3
2 Alexei Marchenko Nikita Zaitsev 40 0 2 3
Last Minutes Offensive
Center Left Wing Right Wing Defense Defense
Nicklas Backstrom Taylor Hall Patrick Kane PK Subban Mike Green
Last Minutes Defensive
Center Left Wing Right Wing Defense Defense
Sergey Kalinin Blake Pietila Patrick Kane PK Subban Alexei Marchenko
Goaltenders
Starting : Cory Schneider
Backup : Chet Pickard
Extra Forwards
Normal : Patrick Kane, Taylor Hall, Nicklas Backstrom - PP : Taylor Hall, Patrick Kane - PK : Patrick Kane
Extra Defensemen
Normal : PK Subban, Mike Green, Alexei Marchenko - PP : PK Subban - PK : Alexei Marchenko, Nikita Zaitsev
Penalty Shots
Cody Hodgson, Taylor Hall, Patrick Kane, Phil Kessel, Nail Yakupov
Scratches
Brad Richardson (Healthy), Brian Ferlin (Healthy), Kevin Porter (Healthy)
% Time on Ice - Penguins
Lines # - Real PCT - Wanted PCT - Time Play
Normal Forward
1 - 35% - 40% - 17:03
2 - 29% - 30% - 14:31
3 - 23% - 20% - 11:30
4 - 13% - 10% - 6:21
Normal Defense
1 - 37% - 40% - 18:27
2 - 35% - 30% - 17:07
3 - 25% - 20% - 12:18
4 - 3% - 10% - 1:33
PP Forward
1 - 59% - 60% - 3:40
2 - 41% - 40% - 2:32
PP Defense
1 - 64% - 60% - 3:57
2 - 36% - 40% - 2:15
PK Forward
1 - 79% - 60% - 1:55
2 - 21% - 40% - 0:30
PK Defense
1 - 68% - 60% - 1:38
2 - 32% - 40% - 0:47
PK3 Forward
1 - 0% - 60%
2 - 0% - 40%
PK3 Defense
1 - 0% - 60%
2 - 0% - 40%
44 Forward
1 - 82% - 60% - 0:41
2 - 18% - 40% - 0:09
44 Defense
1 - 60% - 60% - 0:30
2 - 40% - 40% - 0:20
Last Minute Offensive - 0:00
Last Minute Defensive - 1:08
Total
Forward - 60:00
Defense - 60:00
|
% Time on Ice - Capitals
Lines # - Real PCT - Wanted PCT - Time Play
Normal Forward
1 - 33% - 35% - 16:30
2 - 28% - 30% - 13:54
3 - 21% - 20% - 10:37
4 - 17% - 15% - 8:25
Normal Defense
1 - 36% - 40% - 17:45
2 - 31% - 30% - 15:32
3 - 25% - 20% - 12:18
4 - 8% - 10% - 3:51
PP Forward
1 - 48% - 60% - 1:10
2 - 52% - 40% - 1:15
PP Defense
1 - 75% - 60% - 1:49
2 - 25% - 40% - 0:36
PK Forward
1 - 75% - 60% - 4:39
2 - 25% - 40% - 1:33
PK Defense
1 - 65% - 60% - 4:03
2 - 35% - 40% - 2:09
PK3 Forward
1 - 0% - 60%
2 - 0% - 40%
PK3 Defense
1 - 0% - 60%
2 - 0% - 40%
44 Forward
1 - 100% - 60% - 0:50
2 - 0% - 40% - 0:00
44 Defense
1 - 100% - 60% - 0:50
2 - 0% - 40% - 0:00
Last Minute Offensive - 1:07
Last Minute Defensive - 0:00
Total
Forward - 60:00
Defense - 60:00
|
Play-by-Play
1st period
0:01 of 1st period - Anze Kopitar wins face-off versus Nicklas Backstrom in neutral zone.
0:14 of 1st period - Wrist shot by Brendan Gallagher.
0:14 of 1st period - Stopped by Cory Schneider without a rebound.
0:15 of 1st period - Derek Stepan wins face-off versus Cody Hodgson in Capitals zone.
0:18 of 1st period - Wrist shot by Derek Stepan.
0:18 of 1st period - Deflect By Marcus Foligno.
0:18 of 1st period - Shot Misses the Net.
0:18 of 1st period - Puck is out of play.
0:19 of 1st period - Derek Stepan wins face-off versus Cody Hodgson in Capitals zone.
0:32 of 1st period - Snap shot by Marcus Foligno.
0:32 of 1st period - Stopped by Cory Schneider with a rebound.
1:08 of 1st period - Snap shot by Anze Kopitar.
1:08 of 1st period - Stopped by Cory Schneider without a rebound.
1:09 of 1st period - Sergey Kalinin wins face-off versus Brendan Gallagher in Capitals zone.
1:32 of 1st period - Off-side.
1:33 of 1st period - Sebastian Aho wins face-off versus Nicklas Backstrom in neutral zone.
1:36 of 1st period - PK Subban is hit by Cal Clutterbuck and loses puck.
1:45 of 1st period - Snap shot by Pavel Zacha.
1:45 of 1st period - Shot Blocked by PK Subban.
1:47 of 1st period - Slapshot by Danny DeKeiser.
1:47 of 1st period - Stopped by Cory Schneider with a rebound.
1:49 of 1st period - Slapshot by Danny DeKeiser.
1:49 of 1st period - Stopped by Cory Schneider with a rebound.
2:09 of 1st period - Slapshot by Phil Kessel.
2:09 of 1st period - Stopped by Jonathan Quick without a rebound.
2:10 of 1st period - Nicklas Backstrom wins face-off versus Anze Kopitar in Penguins zone.
2:35 of 1st period - Keith Aulie is hit by Tyler Kennedy and loses puck.
3:04 of 1st period - Snap shot by Marcus Johansson.
3:04 of 1st period - Stopped by Cory Schneider without a rebound.
3:05 of 1st period - Timo Meier wins face-off versus Nicklas Backstrom in Capitals zone.
3:20 of 1st period - Snap shot by Anze Kopitar.
3:20 of 1st period - Deflect By Timo Meier.
3:20 of 1st period - Shot Misses the Net.
3:20 of 1st period - Puck is out of play.
3:21 of 1st period - Derek Stepan wins face-off versus Cody Hodgson in Capitals zone.
3:48 of 1st period - Mike Green is hit by Brendan Gallagher and loses puck.
3:53 of 1st period - Wrist shot by Timo Meier.
3:53 of 1st period - Shot Misses the Net.
3:55 of 1st period - Slapshot by Nick Leddy.
3:55 of 1st period - Deflect By Taylor Hall.
3:55 of 1st period - Stopped by Cory Schneider with a rebound.
3:57 of 1st period - Slapshot by Nick Leddy.
3:57 of 1st period - Deflect By Timo Meier.
3:57 of 1st period - Shot Misses the Net.
3:57 of 1st period - Puck is out of play.
3:58 of 1st period - Sebastian Aho wins face-off versus Joe Colborne in Capitals zone.
4:11 of 1st period - Wrist shot by Tyler Kennedy.
4:11 of 1st period - Stopped by Jonathan Quick with a rebound.
4:13 of 1st period - Wrist shot by Alexei Marchenko.
4:13 of 1st period - Shot Blocked by Danny DeKeiser.
4:20 of 1st period - Icing by Keith Aulie.
4:21 of 1st period - Sebastian Aho wins face-off versus Eric Wellwood in Penguins zone.
5:05 of 1st period - Marcus Foligno is hit by PK Subban and loses puck.
5:20 of 1st period - Snap shot by Patrick Kane.
5:20 of 1st period - Shot Misses the Net.
5:22 of 1st period - Slapshot by Nicklas Backstrom.
5:22 of 1st period - Shot Blocked by Oscar Klefbom.
6:20 of 1st period - Slapshot by Patrick Kane.
6:20 of 1st period - Stopped by Jonathan Quick without a rebound.
6:21 of 1st period - Anze Kopitar wins face-off versus Cody Hodgson in Penguins zone.
6:31 of 1st period - Off-side.
6:32 of 1st period - Cody Hodgson wins face-off versus Anze Kopitar in neutral zone.
6:45 of 1st period - Snap shot by Cody Hodgson.
6:45 of 1st period - Shot Blocked by Keith Aulie.
6:50 of 1st period - Off-side.
6:51 of 1st period - Tomas Nosek wins face-off versus Joe Colborne in neutral zone.
7:18 of 1st period - Timo Meier is hit by Sergey Kalinin and loses puck.
7:49 of 1st period - Sebastian Aho is hit by Ben Hutton and loses puck.
8:38 of 1st period - Minor Penalty to Nikita Zaitsev for Holding.
8:39 of 1st period - Sergey Kalinin wins face-off versus Anze Kopitar in Capitals zone.
9:06 of 1st period - PK Subban is hit by Derek Stepan and loses puck.
9:13 of 1st period - Wrist shot by Marcus Foligno.
9:13 of 1st period - Shot Misses the Net.
9:30 of 1st period - Snap shot by Tyler Kennedy.
9:30 of 1st period - Stopped by Jonathan Quick without a rebound.
9:31 of 1st period - Sergey Kalinin wins face-off versus Anze Kopitar in Penguins zone.
10:15 of 1st period - Slapshot by Joe Colborne.
10:15 of 1st period - Shot Blocked by Anze Kopitar.
10:38 of 1st period - Penalty to Nikita Zaitsev is over, Nikita Zaitsev is back on ice.
11:21 of 1st period - Snap shot by Taylor Hall.
11:21 of 1st period - Stopped by Jonathan Quick with a rebound.
11:26 of 1st period - Icing by Timo Meier.
11:27 of 1st period - Anze Kopitar wins face-off versus Joe Colborne in Penguins zone.
11:38 of 1st period - Ben Lovejoy is hit by Joe Colborne and loses puck.
12:23 of 1st period - Snap shot by Jamie Benn.
12:23 of 1st period - Stopped by Cory Schneider with a rebound.
12:53 of 1st period - Snap shot by Eric Wellwood.
12:53 of 1st period - Stopped by Jonathan Quick with a rebound.
12:57 of 1st period - Snap shot by Eric Wellwood.
12:57 of 1st period - Stopped by Jonathan Quick with a rebound.
12:59 of 1st period - Snap shot by Alexei Marchenko.
12:59 of 1st period - Stopped by Jonathan Quick without a rebound.
13:00 of 1st period - Cody Hodgson wins face-off versus Anze Kopitar in Penguins zone.
13:09 of 1st period - Snap shot by Cody Hodgson.
13:09 of 1st period - Stopped by Jonathan Quick without a rebound.
13:10 of 1st period - Brendan Gallagher wins face-off versus Cody Hodgson in Penguins zone.
13:10 of 1st period - Brendan Gallagher is hit by PK Subban.
13:18 of 1st period - Slapshot by Anze Kopitar.
13:18 of 1st period - Stopped by Cory Schneider without a rebound.
13:19 of 1st period - Anze Kopitar wins face-off versus Cody Hodgson in Capitals zone.
13:22 of 1st period - Wrist shot by Anze Kopitar.
13:22 of 1st period - Deflect By Brendan Gallagher.
13:22 of 1st period - Shot Misses the Net.
13:22 of 1st period - Puck is out of play.
13:23 of 1st period - Anze Kopitar wins face-off versus Cody Hodgson in Capitals zone.
13:24 of 1st period - Slapshot by Brendan Gallagher.
13:24 of 1st period - Stopped by Cory Schneider with a rebound.
13:26 of 1st period - Slapshot by Keith Aulie.
13:26 of 1st period - Shot Misses the Net.
13:28 of 1st period - Wrist shot by Anze Kopitar.
13:28 of 1st period - Shot Misses the Net.
13:30 of 1st period - Snap shot by Brendan Gallagher.
13:30 of 1st period - Goal by Brendan Gallagher - Penguins : 1 - Capitals : 0.
13:31 of 1st period - Anze Kopitar wins face-off versus Cody Hodgson in neutral zone.
13:38 of 1st period - PK Subban is hit by Keith Aulie and loses puck.
13:57 of 1st period - Derek Stepan is hit by Patrick Kane and loses puck.
14:02 of 1st period - Slapshot by Patrick Kane.
14:02 of 1st period - Stopped by Jonathan Quick with a rebound.
14:04 of 1st period - Snap shot by Nicklas Backstrom.
14:04 of 1st period - Stopped by Jonathan Quick without a rebound.
14:05 of 1st period - Joe Colborne wins face-off versus Anze Kopitar in Penguins zone.
14:10 of 1st period - Slapshot by Joe Colborne.
14:10 of 1st period - Stopped by Jonathan Quick without a rebound.
14:11 of 1st period - Joe Colborne wins face-off versus Anze Kopitar in Penguins zone.
14:55 of 1st period - Minor Penalty to Mike Green for Holding.
14:56 of 1st period - Sergey Kalinin wins face-off versus Anze Kopitar in Capitals zone.
15:12 of 1st period - Backhand shot by Anze Kopitar.
15:12 of 1st period - Shot Misses the Net.
16:04 of 1st period - Minor Penalty to Marcus Foligno for Roughing.
16:05 of 1st period - Patrick Kane wins face-off versus Anze Kopitar in Penguins zone.
16:55 of 1st period - Penalty to Mike Green is over, Mike Green is back on ice.
17:02 of 1st period - Snap shot by Phil Kessel.
17:02 of 1st period - Shot Misses the Net.
17:04 of 1st period - Snap shot by Blake Pietila.
17:04 of 1st period - Stopped by Jonathan Quick without a rebound.
17:05 of 1st period - Derek Stepan wins face-off versus Phil Kessel in Penguins zone.
17:20 of 1st period - Snap shot by Blake Pietila.
17:20 of 1st period - Goal by Blake Pietila - Penguins : 1 - Capitals : 1.
17:21 of 1st period - Blake Pietila wins face-off versus Anze Kopitar in neutral zone.
17:24 of 1st period - Keith Aulie is hit by Phil Kessel.
17:34 of 1st period - Slapshot by PK Subban.
17:34 of 1st period - Stopped by Jonathan Quick without a rebound.
17:35 of 1st period - Anze Kopitar wins face-off versus Nicklas Backstrom in Penguins zone.
18:01 of 1st period - Icing by Nikita Zaitsev.
18:02 of 1st period - Cody Hodgson wins face-off versus Derek Stepan in Capitals zone.
18:41 of 1st period - Snap shot by Phil Kessel.
18:41 of 1st period - Shot Blocked by Marcus Foligno.
18:43 of 1st period - Slapshot by Nikita Zaitsev.
18:43 of 1st period - Stopped by Jonathan Quick with a rebound.
18:45 of 1st period - Slapshot by Alexei Marchenko.
18:45 of 1st period - Shot Blocked by Marcus Foligno.
18:47 of 1st period - Snap shot by Blake Pietila.
18:47 of 1st period - Shot Misses the Net.
18:49 of 1st period - Slapshot by Nikita Zaitsev.
18:49 of 1st period - Deflect By Nick Leddy.
18:49 of 1st period - Stopped by Jonathan Quick with a rebound.
18:51 of 1st period - Snap shot by Blake Pietila.
18:51 of 1st period - Shot Misses the Net.
19:57 of 1st period - Off-side.
19:58 of 1st period - Nicklas Backstrom wins face-off versus Anze Kopitar in neutral zone.
19:58 of 1st period - Patrick Kane is hit by Brendan Gallagher and loses puck.
Goals for this period are 1 for Penguins vs 1 for Capitals.
Shots for this period are 11 for Penguins vs 17 for Capitals.
2nd period
0:01 of 2nd period - Nicklas Backstrom wins face-off versus Anze Kopitar in neutral zone.
0:10 of 2nd period - Snap shot by Brendan Gallagher.
0:10 of 2nd period - Stopped by Cory Schneider without a rebound.
0:11 of 2nd period - Nicklas Backstrom wins face-off versus Anze Kopitar in Capitals zone.
0:35 of 2nd period - Icing by Keith Aulie.
0:36 of 2nd period - Anze Kopitar wins face-off versus Joe Colborne in Penguins zone.
0:41 of 2nd period - Slapshot by Danny DeKeiser.
0:41 of 2nd period - Shot Blocked by Jared Spurgeon.
1:12 of 2nd period - Slapshot by Patrick Kane.
1:12 of 2nd period - Stopped by Jonathan Quick with a rebound.
1:26 of 2nd period - Sergey Kalinin is hit by Timo Meier and loses puck.
1:43 of 2nd period - Snap shot by Jamie Benn.
1:43 of 2nd period - Deflect By Cody Hodgson.
1:43 of 2nd period - Stopped by Cory Schneider with a rebound.
2:29 of 2nd period - Snap shot by Taylor Hall.
2:29 of 2nd period - Deflect By Nicklas Backstrom.
2:29 of 2nd period - Stopped by Jonathan Quick with a rebound.
3:29 of 2nd period - Slapshot by Derek Stepan.
3:29 of 2nd period - Stopped by Cory Schneider without a rebound.
3:30 of 2nd period - Marcus Foligno wins face-off versus Nicklas Backstrom in Capitals zone.
3:37 of 2nd period - Mike Green is hit by Derek Stepan and loses puck.
4:05 of 2nd period - Snap shot by Joe Colborne.
4:05 of 2nd period - Shot Misses the Net.
4:27 of 2nd period - Snap shot by Nail Yakupov.
4:27 of 2nd period - Stopped by Jonathan Quick with a rebound.
5:03 of 2nd period - Snap shot by Derek Stepan.
5:03 of 2nd period - Stopped by Cory Schneider without a rebound.
5:04 of 2nd period - Nicklas Backstrom wins face-off versus Anze Kopitar in Capitals zone.
5:11 of 2nd period - Slapshot by Anze Kopitar.
5:11 of 2nd period - Shot Misses the Net.
5:13 of 2nd period - Snap shot by Brendan Gallagher.
5:13 of 2nd period - Stopped by Cory Schneider without a rebound.
5:14 of 2nd period - Nicklas Backstrom wins face-off versus Timo Meier in Capitals zone.
5:27 of 2nd period - Snap shot by Anze Kopitar.
5:27 of 2nd period - Shot Misses the Net.
5:31 of 2nd period - Snap shot by Anze Kopitar.
5:31 of 2nd period - Shot Misses the Net.
5:33 of 2nd period - Backhand shot by Anze Kopitar.
5:33 of 2nd period - Stopped by Cory Schneider with a rebound.
5:35 of 2nd period - Slapshot by Oscar Klefbom.
5:35 of 2nd period - Stopped by Cory Schneider with a rebound.
6:22 of 2nd period - Slapshot by Anze Kopitar.
6:22 of 2nd period - Stopped by Cory Schneider without a rebound.
6:23 of 2nd period - Joe Colborne wins face-off versus Tomas Nosek in Capitals zone.
6:36 of 2nd period - Wrist shot by Jeff Skinner.
6:36 of 2nd period - Shot Blocked by Danny DeKeiser.
6:38 of 2nd period - Wrist shot by Joe Colborne.
6:38 of 2nd period - Stopped by Jonathan Quick with a rebound.
6:54 of 2nd period - Off-side.
6:55 of 2nd period - Derek Stepan wins face-off versus Sergey Kalinin in neutral zone.
7:06 of 2nd period - Snap shot by Derek Stepan.
7:06 of 2nd period - Shot Misses the Net.
7:25 of 2nd period - Off-side.
7:26 of 2nd period - Tomas Nosek wins face-off versus Cody Hodgson in neutral zone.
7:39 of 2nd period - Snap shot by Cody Hodgson.
7:39 of 2nd period - Stopped by Jonathan Quick without a rebound.
7:40 of 2nd period - Anze Kopitar wins face-off versus Nicklas Backstrom in Penguins zone.
8:49 of 2nd period - Slapshot by Cal Clutterbuck.
8:49 of 2nd period - Shot Misses the Net.
9:11 of 2nd period - Patrick Kane is hit by Anze Kopitar and loses puck.
9:30 of 2nd period - Wrist shot by Tyler Kennedy.
9:30 of 2nd period - Shot Blocked by Tomas Nosek.
9:36 of 2nd period - PK Subban is hit by Jamie Benn and loses puck.
9:59 of 2nd period - Blake Pietila is hit by Keith Aulie and loses puck.
10:59 of 2nd period - Snap shot by Tyler Kennedy.
10:59 of 2nd period - Shot Misses the Net.
11:35 of 2nd period - Slapshot by Justin Schultz.
11:35 of 2nd period - Stopped by Cory Schneider with a rebound.
11:45 of 2nd period - Wrist shot by Anze Kopitar.
11:45 of 2nd period - Stopped by Cory Schneider without a rebound.
11:46 of 2nd period - Nicklas Backstrom wins face-off versus Tomas Nosek in Capitals zone.
12:03 of 2nd period - Wrist shot by JT Compher.
12:03 of 2nd period - Shot Hit the Post.
12:34 of 2nd period - Snap shot by Eric Wellwood.
12:34 of 2nd period - Stopped by Jonathan Quick without a rebound.
12:35 of 2nd period - Anze Kopitar wins face-off versus Sergey Kalinin in Penguins zone.
12:44 of 2nd period - Sergey Kalinin is hit by Anze Kopitar and loses puck.
13:18 of 2nd period - Icing by Ben Hutton.
13:19 of 2nd period - Tomas Nosek wins face-off versus Taylor Hall in Capitals zone.
13:24 of 2nd period - Snap shot by Brendan Gallagher.
13:24 of 2nd period - Stopped by Cory Schneider without a rebound.
13:25 of 2nd period - Nicklas Backstrom wins face-off versus Anze Kopitar in Capitals zone.
13:50 of 2nd period - JT Compher is hit by Nikita Zaitsev and loses puck.
15:01 of 2nd period - Timo Meier is hit by Alexei Marchenko and loses puck.
15:55 of 2nd period - Cal Clutterbuck is hit by Nail Yakupov and loses puck.
16:16 of 2nd period - Wrist shot by Taylor Hall.
16:16 of 2nd period - Shot Misses the Net.
16:18 of 2nd period - Snap shot by Ben Hutton.
16:18 of 2nd period - Stopped by Jonathan Quick with a rebound.
16:20 of 2nd period - Slapshot by Jared Spurgeon.
16:20 of 2nd period - Deflect By Patrick Kane.
16:20 of 2nd period - Goal by Patrick Kane - Penguins : 1 - Capitals : 2.
16:21 of 2nd period - Nicklas Backstrom wins face-off versus Anze Kopitar in neutral zone.
16:24 of 2nd period - Anze Kopitar is hit by Mike Green and loses puck.
16:47 of 2nd period - Cody Hodgson is hit by Keith Aulie and loses puck.
17:10 of 2nd period - Slapshot by PK Subban.
17:10 of 2nd period - Stopped by Jonathan Quick without a rebound.
17:11 of 2nd period - Tomas Nosek wins face-off versus Joe Colborne in Penguins zone.
17:19 of 2nd period - Off-side.
17:20 of 2nd period - Nicklas Backstrom wins face-off versus Anze Kopitar in neutral zone.
17:31 of 2nd period - Taylor Hall is hit by Brendan Gallagher.
17:53 of 2nd period - Slapshot by Blake Pietila.
17:53 of 2nd period - Deflect By Phil Kessel.
17:53 of 2nd period - Shot Misses the Net.
17:53 of 2nd period - Puck is out of play.
17:54 of 2nd period - Joe Colborne wins face-off versus Anze Kopitar in Penguins zone.
18:08 of 2nd period - Icing by Anze Kopitar.
18:09 of 2nd period - Nicklas Backstrom wins face-off versus Anze Kopitar in Penguins zone.
18:38 of 2nd period - Snap shot by Brendan Gallagher.
18:38 of 2nd period - Shot Misses the Net.
18:46 of 2nd period - Backhand shot by Brendan Gallagher.
18:46 of 2nd period - Stopped by Cory Schneider without a rebound.
18:47 of 2nd period - Derek Stepan wins face-off versus Joe Colborne in Capitals zone.
18:54 of 2nd period - Snap shot by Marcus Foligno.
18:54 of 2nd period - Stopped by Cory Schneider with a rebound.
19:24 of 2nd period - Snap shot by Blake Pietila.
19:24 of 2nd period - Shot Misses the Net.
19:26 of 2nd period - Slapshot by Jared Spurgeon.
19:26 of 2nd period - Deflect By Cody Hodgson.
19:26 of 2nd period - Shot Blocked by Danny DeKeiser.
19:26 of 2nd period - Puck is out of play.
19:27 of 2nd period - Nicklas Backstrom wins face-off versus Anze Kopitar in Penguins zone.
19:28 of 2nd period - Slapshot by Patrick Kane.
19:28 of 2nd period - Deflect By Taylor Hall.
19:28 of 2nd period - Shot Misses the Net.
19:28 of 2nd period - Puck is out of play.
19:29 of 2nd period - Nicklas Backstrom wins face-off versus Anze Kopitar in Penguins zone.
Goals for this period are 0 for Penguins vs 1 for Capitals.
Shots for this period are 13 for Penguins vs 9 for Capitals.
3rd period
0:01 of 3rd period - Anze Kopitar wins face-off versus Taylor Hall in neutral zone.
1:00 of 3rd period - Wrist shot by Tyler Kennedy.
1:00 of 3rd period - Shot Blocked by Marcus Foligno.
1:22 of 3rd period - Sebastian Aho is hit by Eric Wellwood.
1:56 of 3rd period - Wrist shot by Blake Pietila.
1:56 of 3rd period - Shot Misses the Net.
1:58 of 3rd period - Slapshot by Jared Spurgeon.
1:58 of 3rd period - Stopped by Jonathan Quick without a rebound.
1:59 of 3rd period - Cody Hodgson wins face-off versus Tomas Nosek in Penguins zone.
2:16 of 3rd period - Snap shot by Phil Kessel.
2:16 of 3rd period - Deflect By JT Compher.
2:16 of 3rd period - Shot Blocked by Keith Aulie.
2:16 of 3rd period - Puck is out of play.
2:17 of 3rd period - Nicklas Backstrom wins face-off versus Anze Kopitar in Penguins zone.
3:30 of 3rd period - Snap shot by Nail Yakupov.
3:30 of 3rd period - Stopped by Jonathan Quick with a rebound.
3:32 of 3rd period - Snap shot by Sergey Kalinin.
3:32 of 3rd period - Stopped by Jonathan Quick with a rebound.
5:18 of 3rd period - Taylor Hall is hit by Pavel Zacha and loses puck.
5:57 of 3rd period - Snap shot by Cody Hodgson.
5:57 of 3rd period - Shot Misses the Net.
6:25 of 3rd period - Brendan Gallagher is hit by Sergey Kalinin.
6:36 of 3rd period - Minor Penalty to Ben Hutton for Hooking.
6:37 of 3rd period - Sergey Kalinin wins face-off versus Anze Kopitar in Capitals zone.
7:14 of 3rd period - Snap shot by Derek Stepan.
7:14 of 3rd period - Shot Misses the Net.
7:29 of 3rd period - Icing by Justin Schultz.
7:30 of 3rd period - Joe Colborne wins face-off versus Anze Kopitar in Penguins zone.
8:36 of 3rd period - Penalty to Ben Hutton is over, Ben Hutton is back on ice.
8:53 of 3rd period - Snap shot by JT Compher.
8:53 of 3rd period - Shot Blocked by Cody Hodgson.
9:05 of 3rd period - Snap shot by Jeff Skinner.
9:05 of 3rd period - Deflect By Joe Colborne.
9:05 of 3rd period - Shot Misses the Net.
9:05 of 3rd period - Puck is out of play.
9:06 of 3rd period - Sebastian Aho wins face-off versus Joe Colborne in Penguins zone.
9:10 of 3rd period - Off-side.
9:11 of 3rd period - Nicklas Backstrom wins face-off versus Anze Kopitar in neutral zone.
10:40 of 3rd period - Eric Wellwood is hit by Timo Meier and loses puck.
11:12 of 3rd period - Wrist shot by Jamie Benn.
11:12 of 3rd period - Shot Misses the Net.
11:14 of 3rd period - Wrist shot by Tomas Nosek.
11:14 of 3rd period - Stopped by Cory Schneider with a rebound.
11:24 of 3rd period - Sergey Kalinin is hit by Derek Stepan and loses puck.
11:31 of 3rd period - Snap shot by Marcus Johansson.
11:31 of 3rd period - Shot Blocked by Mike Green.
11:33 of 3rd period - Snap shot by Marcus Johansson.
11:33 of 3rd period - Goal by Marcus Johansson - Penguins : 2 - Capitals : 2.
11:34 of 3rd period - Nicklas Backstrom wins face-off versus Anze Kopitar in neutral zone.
12:00 of 3rd period - Marcus Foligno is hit by Blake Pietila and loses puck.
12:49 of 3rd period - Sebastian Aho is hit by Patrick Kane and loses puck.
13:27 of 3rd period - Derek Stepan is hit by Mike Green and loses puck.
14:09 of 3rd period - Tyler Kennedy is hit by Nick Leddy and loses puck.
14:45 of 3rd period - Minor Penalty to Nikita Zaitsev for Goalie Interference.
14:46 of 3rd period - Sergey Kalinin wins face-off versus Anze Kopitar in Capitals zone.
14:56 of 3rd period - Slapshot by Brendan Gallagher.
14:56 of 3rd period - Shot Misses the Net.
14:58 of 3rd period - Backhand shot by Marcus Johansson.
14:58 of 3rd period - Shot Blocked by Patrick Kane.
15:00 of 3rd period - Slapshot by Keith Aulie.
15:00 of 3rd period - Deflect By Anze Kopitar.
15:00 of 3rd period - Stopped by Cory Schneider without a rebound.
15:01 of 3rd period - Anze Kopitar wins face-off versus Sergey Kalinin in Capitals zone.
15:08 of 3rd period - Wrist shot by Anze Kopitar.
15:08 of 3rd period - Stopped by Cory Schneider without a rebound.
15:09 of 3rd period - Anze Kopitar wins face-off versus Sergey Kalinin in Capitals zone.
15:18 of 3rd period - Snap shot by Brendan Gallagher.
15:18 of 3rd period - Stopped by Cory Schneider with a rebound.
15:20 of 3rd period - Wrist shot by Brendan Gallagher.
15:20 of 3rd period - Shot Misses the Net.
15:22 of 3rd period - Snap shot by Danny DeKeiser.
15:22 of 3rd period - Shot Misses the Net.
15:26 of 3rd period - Wrist shot by Anze Kopitar.
15:26 of 3rd period - Shot Blocked by Mike Green.
15:28 of 3rd period - Snap shot by Brendan Gallagher.
15:28 of 3rd period - Stopped by Cory Schneider with a rebound.
15:30 of 3rd period - Slapshot by Keith Aulie.
15:30 of 3rd period - Shot Misses the Net.
15:32 of 3rd period - Snap shot by Brendan Gallagher.
15:32 of 3rd period - Stopped by Cory Schneider with a rebound.
15:34 of 3rd period - Wrist shot by Brendan Gallagher.
15:34 of 3rd period - Shot Misses the Net.
15:36 of 3rd period - Snap shot by Brendan Gallagher.
15:36 of 3rd period - Stopped by Cory Schneider with a rebound.
15:38 of 3rd period - Wrist shot by Keith Aulie.
15:38 of 3rd period - Deflect By Anze Kopitar.
15:38 of 3rd period - Shot Misses the Net.
15:38 of 3rd period - Puck is out of play.
15:39 of 3rd period - Derek Stepan wins face-off versus Sergey Kalinin in Capitals zone.
15:40 of 3rd period - Slapshot by Oscar Klefbom.
15:40 of 3rd period - Shot Misses the Net.
15:50 of 3rd period - Snap shot by Justin Schultz.
15:50 of 3rd period - Goal by Justin Schultz - Penguins : 3 - Capitals : 2.
15:51 of 3rd period - Joe Colborne wins face-off versus Timo Meier in neutral zone.
16:06 of 3rd period - Snap shot by Tyler Kennedy.
16:06 of 3rd period - Stopped by Jonathan Quick with a rebound.
16:30 of 3rd period - Snap shot by Patrick Kane.
16:30 of 3rd period - Stopped by Jonathan Quick without a rebound.
16:31 of 3rd period - Derek Stepan wins face-off versus Nail Yakupov in Penguins zone.
16:33 of 3rd period - Minor Penalty to Derek Stepan for Tripping.
16:34 of 3rd period - Nicklas Backstrom wins face-off versus Anze Kopitar in Penguins zone.
18:00 of 3rd period - Mike Green is hit by Sebastian Aho and loses puck.
18:33 of 3rd period - Penalty to Derek Stepan is over, Derek Stepan is back on ice.
18:58 of 3rd period - Capitals, Cory Schneider is pulled from the net.
18:58 of 3rd period - Snap shot by Nail Yakupov.
18:58 of 3rd period - Shot Misses the Net.
19:00 of 3rd period - Snap shot by Joe Colborne.
19:00 of 3rd period - Stopped by Jonathan Quick without a rebound.
19:01 of 3rd period - Jacques Lemaire call a timeout for Capitals.
19:01 of 3rd period - Joe Colborne wins face-off versus Jamie Benn in Penguins zone.
19:48 of 3rd period - Snap shot by Joe Colborne.
19:48 of 3rd period - Stopped by Jonathan Quick without a rebound.
19:49 of 3rd period - Jamie Benn wins face-off versus Joe Colborne in Penguins zone.
19:49 of 3rd period - Jamie Benn is hit by Nail Yakupov.
Goals for this period are 2 for Penguins vs 0 for Capitals.
Shots for this period are 9 for Penguins vs 7 for Capitals.
Output by the SimonT Hockey Simulator (STHS) for Francois Prevost